 Dungeon Crawl Stone Soup version 0.19.5 (webtiles) character file.

3840 JeffiDaFish the Basher (level 10, -1/63 HPs)
             Began as a Gargoyle Fighter on Oct 8, 2017.
             Was a High Priest of Okawaru.
             Slain by a komodo dragon (22 damage)
             ... on level 8 of the Dungeon.
             The game lasted 00:20:14 (6498 turns).

JeffiDaFish the Basher (Gargoyle Fighter)           Turns: 6498, Time: 00:20:15

Health: -1/63      AC: 23    Str: 24    XL:     10   Next: 18%
Magic:  10/10      EV:  8    Int: 10    God:    Okawaru [*****.]
Gold:   314        SH: 11    Dex: 12    Spells: 0 memorised, 9 levels left

rFire  . . .     SeeInvis .     g - +2 mace (curse)
rCold  + . .     Gourm    +     k - +2 chain mail {rC+}
rNeg   + + .     Faith    .     c - +0 shield
rPois  ∞         Spirit   .     (no helmet)
rElec  +         Reflect  .     (no cloak)
rCorr  .         Harm     .     i - +1 pair of gloves
MR     .....                    d - +0 pair of boots
Stlth  ..........               j - amulet of the gourmand
                                (no ring)
                                l - ring of positive energy

@: mighty
A: negative energy resistance 1, electricity resistance, unbreathing,
petrification resistance, rot immunity, AC +7
a: Heroism, Finesse, Renounce Religion


You were on level 8 of the Dungeon.
You worshipped Okawaru.
Okawaru was extremely pleased with you.
You were full.

You visited 1 branch of the dungeon, and saw 8 of its levels.

You collected 314 gold pieces.

Inventory:

Hand Weapons
 g - a cursed +2 mace (weapon)
Armour
 c - a +0 shield (worn)
 d - a +0 pair of boots (worn)
 i - a +1 pair of gloves (worn)
 k - a +2 chain mail of cold resistance (worn)
Jewellery
 j - an amulet of the gourmand (around neck)
 l - a ring of positive energy (left hand)
Scrolls
 e - 2 scrolls of identify
 m - 7 scrolls of remove curse
 o - a scroll of magic mapping
 p - a scroll of fog
Potions
 b - a potion of berserk rage
Comestibles
 a - a royal jelly
 f - 4 bread rations
 h - 7 meat rations
 n - a beef jerky


   Skills:
 * Level 7.0 Fighting
 * Level 9.2 Maces & Flails
 * Level 6.6 Armour
 + Level 3.1 Dodging
 - Level 0.8 Stealth
 * Level 8.2 Shields
 + Level 0.9 Invocations


You had 9 spell levels left.
You didn't know any spells.

Dungeon Overview and Level Annotations

Branches:
Dungeon (8/15)             Temple (0/1) D:7
   Lair: D:8-11

Altars:
Ashenzari
Dithmenos
Elyvilon
Gozag
Kikubaaqudgha
Makhleb
Okawaru
Qazlal
Trog
Uskayaw
Vehumet
Zin
The Shining One


Innate Abilities, Weirdness & Mutations

You are resistant to torment.
Your stone body is resilient. (AC +7)
You are immune to poison.
You resist negative energy. (rN+)
You are resistant to electric shocks. (rElec)
You can survive without breathing.
You are immune to petrification.
You are immune to rotting.


Message History

You hear an angry hiss.
You hit the steam dragon.
You kill the steam dragon!
Okawaru accepts your kill.
You are engulfed in a cloud of scalding steam.
A komodo dragon comes into view.
You hit the iguana.
The iguana is moderately wounded.
You are engulfed in a cloud of scalding steam.
You block the iguana's attack.
You sock the iguana!
You kill the iguana!
Okawaru accepts your kill.
You feel less exhausted.
You see here an iguana corpse.
Okay, then.
You sock the komodo dragon!
The komodo dragon is moderately wounded.
The komodo dragon bites you!!
You die...

##.###.......# #..# ##.......#
#..#..###...## #..# #....####
#.....# ##..# #### ######
####..# #..## ### #..# ##..# #.#
####..# #..## ###.. #..#..#
##...## #### #....
#.....####.....######..#####..##
##.....##......@l.....###...####
#......p....#####.###...####
##.........### ####.####
#...p.......# ## ##............
#............. #..#####......#
#.# ##....p..# ## ##..........


You could see a komodo dragon and a neutral freed slave (wandering).

Vanquished Creatures
  Pikel (D:8)
  2 komodo dragons (D:8)
  A hungry ghost (D:8)
  A steam dragon (D:8)
  An ice beast (D:6)
  2 orc warriors (D:7)
  2 black bears (D:6)
  3 ogres
  A phantom (D:4)
  A centaur (D:7)
  A crocodile (D:8)
  2 scorpions (D:4)
  4 wights (D:6)
  7 crimson imps
  A bullfrog zombie (D:7)
  4 hounds
  A bullfrog skeleton (D:6)
  2 centaur skeletons
  6 iguanas
  Natasha (twice) (D:2)
  3 worker ants (D:5)
  7 orc wizards
  A hound skeleton (D:8)
  A howler monkey zombie (D:5)
  A howler monkey skeleton (D:6)
  4 adders
  3 gnolls (D:4)
  3 shadow imps
  An ooze (D:3)
  2 adder zombies
  2 adder skeletons (D:4)
  6 worms
  A dart slug (D:2)
  5 leopard geckos
  21 orcs
  2 ball pythons
  7 giant cockroaches
  6 hobgoblins
  4 jackals (D:6)
  6 quokkas
  8 bats
  7 frilled lizards
  7 goblins
  5 kobolds
  A quokka skeleton (D:4)
  4 rats
163 creatures vanquished.

Vanquished Creatures (others)
  A hound (D:8)
  2 orc wizards (D:8)
  A leopard gecko (D:8)
  5 orcs (D:8)
9 creatures vanquished.

Grand Total: 172 creatures vanquished

Notes
Turn   | Place    | Note
-------+----------+-------------------------------------------
     0 | D:1      | JeffiDaFish the Gargoyle Fighter began the quest for the Orb.
     0 | D:1      | Reached XP level 1. HP: 14/14 MP: 1/1
   589 | D:1      | Reached XP level 2. HP: 15/19 MP: 2/2
   816 | D:2      | Found an opulent altar of Gozag.
   905 | D:2      | Reached XP level 3. HP: 22/23 MP: 3/3
  1226 | D:2      | Noticed Natasha
  1236 | D:2      | Killed Natasha
  1236 | D:2      | Reached XP level 4. HP: 17/28 MP: 4/4
  1419 | D:2      | Noticed Natasha
  1424 | D:2      | Killed Natasha
  1424 | D:2      | Reached skill level 3 in Maces & Flails
  1961 | D:3      | Reached XP level 5. HP: 32/33 MP: 5/5
  2127 | D:3      | Found a shadowy altar of Dithmenos.
  2280 | D:3      | Found an iron altar of Okawaru.
  2301 | D:3      | Became a worshipper of Warmaster Okawaru
  2498 | D:4      | Noticed an ogre
  2506 | D:4      | Killed an ogre
  2506 | D:4      | Reached skill level 1 in Dodging
  2506 | D:4      | Reached XP level 6. HP: 38/38 MP: 6/6
  2566 | D:4      | Reached * piety under Okawaru
  2566 | D:4      | Reached skill level 4 in Maces & Flails
  2602 | D:4      | Noticed a phantom
  2620 | D:4      | Killed a phantom
  2748 | D:4      | Reached XP level 7. HP: 43/43 MP: 7/7
  2851 | D:4      | Reached ** piety under Okawaru
  2851 | D:4      | Reached skill level 5 in Maces & Flails
  2851 | D:4      | Reached skill level 5 in Shields
  3181 | D:4      | Found a glowing golden altar of the Shining One.
  3217 | D:5      | Entered Level 5 of the Dungeon
  3785 | D:5      | Found a hide-covered altar of Uskayaw.
  3788 | D:5      | Found a stormy altar of Qazlal.
  3791 | D:5      | Found an ancient bone altar of Kikubaaqudgha.
  3794 | D:5      | Found an opulent altar of Gozag.
  4091 | D:6      | Reached skill level 5 in Armour
  4162 | D:6      | Reached skill level 6 in Maces & Flails
  4162 | D:6      | Reached XP level 8. HP: 48/48 MP: 8/8
  4601 | D:6      | Found a bloodstained altar of Trog.
  4625 | D:6      | Reached *** piety under Okawaru
  4625 | D:6      | Reached skill level 5 in Fighting
  4634 | D:6      | Reached skill level 7 in Maces & Flails
  4886 | D:7      | Got a translucent chain mail
  4897 | D:7      | Identified the +1 chain mail of Too Many Cooks {rF+} (You found it on level 7 of the Dungeon)
  4944 | D:7      | Reached XP level 9. HP: 43/54 MP: 9/9
  5274 | D:7      | Reached skill level 8 in Maces & Flails
  5386 | D:7      | Found a staircase to the Ecumenical Temple.
  5495 | D:7      | Found a glowing silver altar of Zin.
  5495 | D:7      | Found a white marble altar of Elyvilon.
  5495 | D:7      | Found a glowing golden altar of the Shining One.
  5627 | D:7      | Found a burning altar of Makhleb.
  5628 | D:7      | Found a radiant altar of Vehumet.
  6063 | D:8      | Reached **** piety under Okawaru
  6100 | D:8      | Noticed Pikel
  6120 | D:8      | Killed Pikel
  6240 | D:8      | Found a shattered altar of Ashenzari.
  6408 | D:8      | Noticed a komodo dragon
  6418 | D:8      | Killed a komodo dragon
  6418 | D:8      | Reached ***** piety under Okawaru
  6418 | D:8      | Reached skill level 9 in Maces & Flails
  6418 | D:8      | Reached XP level 10. HP: 61/61 MP: 10/10
  6498 | D:8      | Slain by a komodo dragon

Skill      XL: |  1  2  3  4  5  6  7  8  9 10 |
---------------+-------------------------------+-----
Shields        | 4 5 6 8 |  8.2
Armour         | 4 5 6 |  6.6
Maces & Flails | 3 4 6 7 9 |  9.2
Fighting       | 4 5 6 7 |  7.0
Dodging        | 1 2 3 |  3.1
Stealth        | |  0.8
Invocations    | |  0.9

Action                   |  1- 3 |  4- 6 |  7- 9 | 10-12 || total
-------------------------+-------+-------+-------+-------++-------
Melee: Flail             |   153 |   168 |   270 |       ||   591
       Mace              |       |       |   371 |    26 ||   397
Invok: Heroism           |       |       |     2 |       ||     2
  Use: Scroll            |     5 |     4 |     6 |       ||    15
       Potion            |     4 |     4 |     2 |     1 ||    11
  Eat: Chunk             |     7 |    12 |    21 |       ||    40
Armor: Scale mail        |    97 |    91 |    65 |       ||   253
       Chain mail        |       |       |   347 |    16 ||   363
Dodge: Dodged            |    52 |    51 |   199 |     9 ||   311
Block: Shield            |    74 |    77 |   365 |    16 ||   532
